 Dungeon Crawl Stone Soup version 0.30-a0-297-g0ec75d9ef4 (webtiles) character file.

Game seed: 4966248129501292145

3980 Lanoc the Geomancer (level 10, -6/75 (83) HPs)
             Began as a Formicid Earth Elementalist on Oct 20, 2022.
             Was an Elder of Lugonu.
             Mangled by a yak (12 damage)
             ... on level 9 of the Dungeon.
             The game lasted 00:15:02 (7190 turns).

Lanoc the Geomancer (Formicid Earth Elementalist)   Turns: 7190, Time: 00:15:02

HP:   -6/75 (83)    AC:  8    Str: 14 (16) XL:     10   Next: 46%
MP:   7/13          EV: 11    Int: 16 (17) God:    Lugonu [****..]
Gold: 271           SH:  0    Dex: 15 (17) Spells: 6/13 levels left

rFire   . . .      SeeInvis +    b - +4 sling
rCold   . . .      Faith    .    (no shield)
rNeg    . . .      Spirit   .    G - +1 acid dragon scales
rPois   .          Reflect  .    (helmet unavailable)
rElec   .          Harm     .    (no cloak)
rCorr   +          Rampage  .    v - +0 pair of gloves
Will    ++...      Clarity  +    (no boots)
Stlth   ++........               (no amulet)
HPRegen 0.32/turn                f - +4 ring of slaying
MPRegen 0.13/turn                E - ring of willpower

@: brilliant, attractive, drained
A: permanent stasis, dig shafts and tunnels, antennae 3, four strong arms, agile
1, clarity, strong 1
a: Dig, Shaft Self, Renounce Religion, Depart the Abyss, Bend Space, Banish,
Corrupt


You were on level 9 of the Dungeon.
You worshipped Lugonu.
Lugonu was greatly pleased with you.
You visited 2 branches of the dungeon, and saw 10 of its levels.

You collected 271 gold pieces.

Inventory:

Hand Weapons
 a - a +6 scimitar
 b - a +4 sling (weapon)
Missiles
 z - 2 throwing nets
Armour
 u - a +2 chain mail of fire resistance
 v - a +0 pair of gloves (worn)
 G - +1 acid dragon scales (worn)
Jewellery
 f - a +4 ring of slaying (left hand)
 E - a ring of willpower (right hand)
Wands
 s - a wand of roots (24)
 w - a wand of flame (27)
 x - a wand of light (6)
 C - a wand of mindburst (12)
Scrolls
 g - 2 scrolls of identify
 j - a scroll of teleportation
 m - a scroll of noise {unknown}
 o - a scroll of amnesia {unknown}
 p - a scroll of vulnerability {unknown}
 q - a scroll of enchant weapon
 r - a scroll of fear {unknown}
 t - a scroll of immolation {unknown}
 y - a scroll of enchant armour {unknown}
 A - a scroll of summoning {unknown}
 B - 3 scrolls of magic mapping {unknown}
 D - a scroll of blinking {unknown}
Potions
 c - a potion of resistance
 d - a potion of mutation
 e - 3 potions of heal wounds
 h - 2 potions of brilliance
 i - 3 potions of curing


   Skills:
 + Level 9.1 Fighting
 - Level 1.7 Dodging
 - Level 2.4 Stealth
 - Level 2.1 Spellcasting
 - Level 1.1 Transmutations
 * Level 14.3 Earth Magic


You had 6 spell levels left.
You knew the following spells:

 Your Spells              Type           Power      Damage    Failure   Level
a - Sandblast             Erth           100%       2d20      1%          1
b - Petrify               Tmut/Erth      39%        N/A       12%         4
c - Passwall              Tmut/Erth      32%        N/A       1%          2

Your spell library contained the following spells:

 Spells                   Type           Power      Damage    Failure   Level
 Stone Arrow              Conj/Erth      74%        3d11      4%          3


Dungeon Overview and Level Annotations

Branches:
Dungeon (8/15)             Temple (1/1) D:7
   Lair: D:8-11

Altars:
Dithmenos
Elyvilon
Gozag
Hepliaklqana
Makhleb
Okawaru
Vehumet
Wu Jian
Xom
Yredelemnul
The Shining One
Lugonu

Annotations:
D:4 2 transporters, gruber's ghost, amateur GnRe
Temple 2 transporters


Innate Abilities, Weirdness & Mutations

You cannot be hasted, slowed, berserked, paralysed or teleported.
You can dig through walls and to a lower floor.
You have a pair of large antennae on your head. (SInv)
Your four strong arms can wield two-handed weapons with a shield.
You are agile. (Dex +4, Str/Int -1)
You possess an exceptional clarity of mind.
Your muscles are strong. (Str +4, Int/Dex -1)


Message History

As you read the scroll labelled OSOYSM VIAVVAX, it crumbles to dust.
You feel a strange sense of stasis.
It was a scroll of teleportation.
The yak gores you but does no damage. The yak closely misses you.
The air fills with toxic fumes!
As you read the scroll labelled HEEBBO NOEMOON, it crumbles to dust.
It was a scroll of poison.
A yak comes into view.
The yak gores you but does no damage. The yak gores you.
* * * LOW HITPOINT WARNING * * *
The yak is attracted toward you.
You feel much better. The yak closely misses you. The yak gores you.
The yak is poisoned.
You extend your mandibles.
You dig through the rock wall.
You feel drained. The yak misses you.
You dig through the rock wall.
You feel drained. The yak is attracted toward you.
You dig through the rock wall.
You feel drained. The yak attacks as you move away! The yak barely misses you.
The lemure is attracted toward you.
You retract your mandibles.
The lemure attacks as you move away! The lemure closely misses you.
The lemure attacks as you move away! The lemure hits you.
The yak is attracted toward you. The yak attacks as you move away!
The yak gores you. The wight is attracted toward you.
The yak is attracted toward you. x2
The yak attacks as you move away! The yak gores you!
The yak is attracted toward you. x3
The lemure attacks as you move away! The lemure hits you but does no damage.
The yak is attracted toward you. The lemure attacks as you move away!
The lemure hits you. The yak attacks as you move away! The yak gores you!
* * * LOW HITPOINT WARNING * * *
Found 3 gold pieces.
The wight is attracted toward you. The yak is attracted toward you. x2
The yak attacks as you move away! The yak gores you!
* * * LOW HITPOINT WARNING * * *
Found a gold piece.
Found an opulent altar of Gozag.
The lemure is attracted toward you. The yak is attracted toward you.
The yak attacks as you move away! The yak gores you!
You die...

......'....#....##
#.######
#.....#....#....# #.#
#.....#....#....# #.#
#.....#....#..§.# #.#
#.....######...Y# #.#
#####.........Yz#
.(..##.......§.Y#
..............YY########
....##.........5@.....$$
....#......###########$_
....#......#
..(.#+###..# [...# ####
....# ~~~.# ~~~~# ~~~~#


You could see 5 yaks, a lemure and a wight.

Vanquished Creatures
  A two-headed ogre (D:6)
  Maggie (D:9)
  A hornet (D:9)
  A shadow (D:9)
  2 wyverns
  Menkaure (D:7)
  2 black bears
  2 ice beasts
  An ogre (D:4)
  2 centaurs
  A phantom (D:5)
  2 kobold brigands
  2 necrophages
  A bullfrog (D:6)
  A scorpion (D:6)
  6 wights
  3 killer bees (D:9)
  2 jellies (D:5)
  A gnoll bouda (D:5)
  2 hounds
  3 orc priests
  5 orc wizards
  7 iguanas
  12 gnolls
  2 adders (D:6)
  A shadow imp (D:6)
  A white imp (D:7)
  2 ufetubi
  A worm (D:4)
  2 dart slugs
  24 orcs
  5 ball pythons
  8 endoplasms
  4 giant cockroaches
  A goblin (D:2)
  10 hobgoblins
  15 jackals
  3 quokkas
  5 bats
  A frilled lizard (D:1)
  12 kobolds
  9 rats
168 creatures vanquished.

Vanquished Creatures (others)
  An orc wizard (D:6)
  5 plants (D:4)
6 creatures vanquished.

Grand Total: 174 creatures vanquished

Notes
Turn   | Place    | Note
-------+----------+-------------------------------------------
     0 | D:1      | Lanoc the Formicid Earth Elementalist began the quest for
                  | the Orb.
     0 | D:1      | Reached XP level 1. HP: 13/13 MP: 3/3
    36 | D:1      | Reached skill level 4 in Earth Magic
    42 | D:1      | Reached XP level 2. HP: 3/20 MP: 1/5
   174 | D:1      | Reached skill level 1 in Fighting
   493 | D:1      | Reached XP level 3. HP: 26/26 MP: 4/6
   956 | D:2      | Found a glowing golden altar of the Shining One.
  1535 | D:2      | Reached skill level 5 in Earth Magic
  1535 | D:2      | Reached XP level 4. HP: 33/33 MP: 3/7
  1992 | D:3      | Found a faded altar of an unknown god.
  2224 | D:3      | Reached XP level 5. HP: 39/39 MP: 5/8
  2375 | D:3      | Reached skill level 6 in Earth Magic
  2561 | D:3      | Reached XP level 6. HP: 45/47 MP: 6/9
  2775 | D:3      | Prayed at the altar of an unknown god.
  2775 | D:3      | Became a worshipper of Lugonu the Unformed
  2775 | D:3      | Reached * piety under Lugonu
  2775 | D:3      | Reached ** piety under Lugonu
  2974 | D:4      | Noticed an ogre
  2999 | D:4      | Killed an ogre
  3000 | D:4      | Reached skill level 7 in Earth Magic
  3049 | D:4      | Noticed a black bear
  3079 | D:4      | Killed a black bear
  3080 | D:4      | Reached XP level 7. HP: 41/54 MP: 4/10
  3159 | D:4      | Found a transporter.
  3242 | D:4      | Noticed gruber's ghost (amateur GnRe)
  3261 | D:4      | Found a transporter.
  3468 | D:5      | Entered Level 5 of the Dungeon
  3656 | D:5      | Reached skill level 8 in Earth Magic
  3717 | D:5      | Reached *** piety under Lugonu
  3978 | D:5      | Reached skill level 5 in Fighting
  3978 | D:5      | Reached skill level 9 in Earth Magic
  3978 | D:5      | Reached XP level 8. HP: 53/62 MP: 6/11
  4560 | D:6      | Reached skill level 10 in Earth Magic
  4808 | D:6      | Noticed a two-headed ogre
  4814 | D:6      | Killed a two-headed ogre
  4815 | D:6      | Reached skill level 11 in Earth Magic
  4815 | D:6      | Reached XP level 9. HP: 11/71 MP: 7/12
  5102 | D:6      | Reached **** piety under Lugonu
  5264 | D:6      | Reached skill level 12 in Earth Magic
  5960 | D:6      | Found a white marble altar of Elyvilon.
  6095 | D:7      | Noticed Menkaure
  6100 | D:7      | Killed Menkaure
  6272 | D:7      | Reached skill level 13 in Earth Magic
  6317 | D:7      | Reached XP level 10. HP: 49/80 MP: 10/13
  6323 | D:7      | Learned a level 4 spell: Petrify
  6460 | D:7      | Learned a level 2 spell: Passwall
  6585 | D:7      | Found a staircase to the Ecumenical Temple.
  6601 | Temple   | Entered the Ecumenical Temple
  6601 | Temple   | Found a transporter.
  6601 | Temple   | Found a transporter.
  6719 | D:8      | You fall into a shaft and drop 1 floor!
  6719 | D:9      | Found an ornate altar of the Wu Jian Council.
  6941 | D:9      | Noticed Maggie
  6966 | D:9      | Killed Maggie
  7121 | D:9      | Reached skill level 14 in Earth Magic
  7170 | D:9      | Gained mutation: Your muscles are strong. (Str +4, Int/Dex
                  | -1) [potion of mutation]
  7170 | D:9      | Gained mutation: You are agile. (Dex +4, Str/Int -1)
                  | [potion of mutation]
  7170 | D:9      | Gained mutation: You possess an exceptional clarity of
                  | mind. [potion of mutation]
  7189 | D:9      | Found an opulent altar of Gozag.
  7190 | D:9      | Mangled by a yak

Illustrated notes

Levels and vault maps discovered:
D:1:      dpeg_arrival_fog, layout_loops_ring
D:2:      layout_loops_corners, basic_altar, minmay_domino_2
D:3:      layout_rooms, hellmonk_ecumenical_altar_pennies_from_heaven
D:4:      layout_basic, gammafunk_ghost_mausoleum, serial_bayou_lake_a
D:5:      layout_basic
D:6:      minmay_inner_zag, layout_basic, mainiacjoe_overflow_alcove_2,
          st_stairs_6
D:7:      layout_cave_pools, temple_fountains, uniq_menkaure
D:8:      cheibrodos_fzero, layout_cave_pools, minitemple,
          minmay_lair_entry_grove, uniq_grum
D:9:      layout_irregular_city, nzn_wu_jian_contemplation,
          nicolae_gozag_seed_capital, uniq_pikel, uniq_maggie
Temple:   hellmonk_temple_divided_pantheon

Skill      XL: |  1  2  3  4  5  6  7  8  9 10 |
---------------+-------------------------------+-----
Earth Magic    | 4 5 6 7 9 11 13 14 | 14.3
Fighting       | 1 2 3 4 5 6 8 9 |  9.1
Dodging        | |  1.7
Stealth        | |  2.4
Spellcasting   | |  2.1
Transmutations | |  1.1

Action                   |  1- 3 |  4- 6 |  7- 9 | 10-12 || total
-------------------------+-------+-------+-------+-------++-------
Melee: Unarmed           |    23 |     4 |       |       ||    27
       Hand axe          |       |     2 |       |       ||     2
       Sling             |       |       |     2 |       ||     2
 Fire: Sling             |       |       |    68 |    16 ||    84
 Cast: Sandblast         |    46 |    67 |   119 |    27 ||   259
 Abil: Dig               |       |     1 |       |     2 ||     3
       Shaft Self        |       |       |       |     1 ||     1
  Use: Potion            |     1 |       |       |     9 ||    10
       Scroll            |       |       |       |     4 ||     4
Armor: Robe              |     5 |     4 |     8 |     2 ||    19
       Acid dragon scale |       |       |       |    10 ||    10
Dodge: Dodged            |    31 |    26 |    56 |    31 ||   144

Table legend: (Time is in decaauts)
 A = Elapsed time spent in this place.
 B = Non-inter-level travel time spent in this place.
 C = Inter-level travel time spent in this place.
 D = Time resting spent in this place.
 E = Time spent auto-exploring this place.
 F = Levels seen in this place.
 G = Mean time per level.
                   A        B        C        D        E       F      G
               +--------+--------+--------+--------+--------+-----+--------+
         Total |   7372 |   7203 |    169 |    213 |   5928 |  10 |  737.2 |
       Dungeon |   7370 |   7201 |    169 |    213 |   5928 |   9 |  818.9 |
        Temple |      1 |      1 |      0 |      0 |      0 |   1 |    1.0 |
               +--------+--------+--------+--------+--------+-----+--------+

Top non-repeatable levels by time:
     D:6: 1600 daAuts
     D:2: 1035 daAuts
     D:5: 1020 daAuts
     D:3: 991 daAuts
     D:1: 823 daAuts
     D:7: 704 daAuts
     D:4: 696 daAuts
     D:9: 486 daAuts
     D:8: 13 daAuts
  Temple: 1 daAuts
